 Dungeon Crawl Stone Soup version 0.22-a0-782-g038298e (webtiles) character file.

47 mhoghedin the Sneak (level 3, 0/30 HPs)
             Began as a Kobold Wizard on July 20, 2018.
             Slain by a hound (4 damage)
             ... on level 2 of the Dungeon.
             The game lasted 00:04:21 (2122 turns).

mhoghedin the Sneak (Kobold Wizard)                 Turns: 2122, Time: 00:04:22

Health: 0/30       AC:  2    Str: 12    XL:     3   Next: 97%
Magic:  7/7        EV: 15    Int: 20    God:
Gold:   27         SH:  0    Dex: 13    Spells: 0/8 levels left

rFire    . . .     SeeInvis .   f - +0 short sword
rCold    . . .     Gourm    .   (shield restricted)
rNeg     . . .     Faith    .   a - +0 robe
rPois    .         Spirit   .   b - +0 hat
rElec    .         Reflect  .   (no cloak)
rCorr    .         Harm     .   (no gloves)
MR       .....                  (no boots)
Stlth    ..........             l - amulet of rage {+Rage, !d}
HPRegen  0.10/turn              h - +3 ring of strength
MPRegen  0.10/turn              (no ring)

@: berserking, very quick
A: small, carnivore
a: Evoke Berserk Rage


You were on level 2 of the Dungeon.
You were not hungry.

You visited 1 branch of the dungeon, and saw 2 of its levels.

You collected 27 gold pieces.

Inventory:

Hand Weapons
 f - a +0 short sword (weapon)
   (You took it off a kobold on level 1 of the Dungeon)
Armour
 a - a +0 robe (worn)
 b - a +0 hat (worn)
Jewellery
 h - a +3 ring of strength (left hand)
   (You found it on level 1 of the Dungeon)
 l - an amulet of rage (around neck) {+Rage, !d}
   (You found it on level 1 of the Dungeon)
Scrolls
 c - 2 scrolls of teleportation
 e - 2 scrolls of remove curse
 j - a scroll of amnesia {unknown}
Potions
 i - 2 potions of degeneration {unknown}
 k - a potion of haste {unknown}
Comestibles
 d - 3 rations


   Skills:
 + Level 1.3 Fighting
 + Level 1.9 Short Blades
 + Level 2.7 Dodging
 + Level 3.6 Stealth
 - Level 3.4 Spellcasting
 - Level 1.2 Conjurations
 - Level 1.0 Summonings
 - Level 1.0 Translocations
 + Level 0.7 Evocations


You couldn't memorise any spells.
You knew the following spells:

 Your Spells              Type           Power        Failure   Level  Hunger
a - Magic Dart            Conj           #...         9%          1    None
b - Blink                 Tloc           N/A          14%         2    ##.....
c - Call Imp              Summ           #.......     14%         2    ##.....
x - Mephitic Cloud        Conj/Pois/Air  #.......     34%         3    ###....

Your spell library contained the following spells:

 Spells                   Type           Power        Failure   Level  Hunger
 Conjure Flame            Conj/Fire      #.......     32%         3    ###....
 Slow                     Hex            #.......     21%         2    ##.....


Dungeon Overview and Level Annotations

Branches:
Dungeon (2/15)

Altars:
Makhleb


Innate Abilities, Weirdness & Mutations

You are small and have problems with some larger weapons.
You are carnivorous and can eat meat at any time.


Message History

The dart slug launches a dart at you. The slug dart misses you.
Unknown command.
You completely miss the dart slug. The dart slug launches a dart at you.
The slug dart hits you! The dart slug bites you.
You take 5 damage, and have 9/20 hp.
MASSIVE DAMAGE!!
Aim: a dart slug (heavily wounded)
The magic dart hits the dart slug.
The dart slug launches a dart at you. The slug dart hits you!
* * * LOW HITPOINT WARNING * * *
You take 6 damage, and have 3/20 hp.
MASSIVE DAMAGE!!
You now have 6/7 mp.
Aim: a dart slug (almost dead)
The magic dart hits the dart slug.
You kill the dart slug!
You now have 5/7 mp.
You start resting.
You feel yourself speed up.
Unknown command.
You start resting.
You recover from your berserk rage.
MP restored: 7 Unknown command.
You start resting.
Health restored: 20 Unknown command.
e - 3 scrolls labeled SOZOTUECHU (gained 1)
Found a glowing hand axe.
d - 3 rations (gained 1)
An adder comes into view.
The helpless adder fails to defend itself.
You puncture the adder! The adder misses you.
Aim: an adder (severely wounded)
The magic dart hits the adder.
The adder misses you. The adder bites you but does no damage.
You now have 6/7 mp.
Aim: an adder (severely wounded)
The magic dart hits the adder.
The adder misses you.
You now have 5/7 mp.
Aim: an adder (almost dead)
The magic dart hits the adder.
You kill the adder!
You now have 4/7 mp.
You see here an adder corpse.
You butcher the adder corpse.
m - a chunk of flesh {@w0} You start resting.
Eating a chunk of flesh {@w0}.
You eat the chunk of flesh {@w0}.
This raw flesh tastes great.
MP restored: 7 Unknown command.
As you read the scroll labeled PAARGH AGRULL, it crumbles to dust.
You feel strangely unstable.
It was a scroll of teleportation.
As you read the scroll labeled SOZOTUECHU, it crumbles to dust.
You feel blessed for a moment.
It was a scroll of remove curse.
As you read the scroll labeled FELUNU AN QUKA, it crumbles to dust.
You assume a fearsome visage.
Nothing appears to happen.
It was a scroll of fear.
Your surroundings suddenly seem different.
You see here a hand axe.
A hound comes into view.
The hound moves out of view.
Found a burning altar of Makhleb.
You see here a scroll of remove curse.
A hound is nearby!
Okay, then.
Unknown command.
The hound barks!
The hound bites you. x2
You take 7 damage, and have 13/20 hp.
MASSIVE DAMAGE!!
You fail to use your ability.
The hound bites you.
You take 1 damage, and have 12/20 hp.
You fail to use your ability.
The hound misses you. The hound bites you.
You take 5 damage, and have 7/20 hp.
MASSIVE DAMAGE!!
A red film seems to cover your vision as you go berserk!
You feel yourself moving faster!
You feel mighty!
You feel a lot more hungry. The hound bites you but does no damage.
You now have 10/30 hp.
You hit the hound. The hound misses you.
You closely miss the hound. The hound completely misses you.
You barely miss the hound. The hound bites you.
* * * LOW HITPOINT WARNING * * *
You take 4 damage, and have 6/30 hp.
You completely miss the hound. The hound misses you.
You barely miss the hound. The hound completely misses you.
You miss the hound. The hound bites you but does no damage.
You puncture the hound! The hound bites you.
* * * LOW HITPOINT WARNING * * *
You take 3 damage, and have 4/30 hp.
You completely miss the hound. The hound completely misses you.
You barely miss the hound. The hound bites you.
You die...

.###### #.. #.#.
####### #.. ###
#... ....... #..
..# #.. .###### #..
.%###.. #.. ..
._∩##.# #....... #.
..###.# ###..##.
#.#h..##.#####.. ..
#.@####............
##?.)....#######..#
######..# #.. #.##
#.. #.# #.# #.# ..#
.##


You could see a hound.

Vanquished Creatures
  An adder (D:2)
  A worm (D:2)
  3 dart slugs
  2 leopard geckos (D:1)
  5 bats
  A goblin (D:1)
  2 hobgoblins (D:1)
  4 jackals (D:2)
  A frilled lizard (D:1)
  5 kobolds
  2 rats
27 creatures vanquished.

Notes
Turn   | Place    | Note
-------+----------+-------------------------------------------
     0 | D:1      | mhoghedin the Kobold Wizard began the quest for the Orb.
     0 | D:1      | Reached XP level 1. HP: 10/10 MP: 4/4
   481 | D:1      | Reached XP level 2. HP: 15/15 MP: 6/6
   575 | D:1      | Reached skill level 3 in Stealth
   691 | D:1      | Learned a level 2 spell: Blink
   694 | D:1      | Learned a level 2 spell: Call Imp
   719 | D:1      | Reached skill level 1 in Short Blades
   948 | D:1      | Reached skill level 1 in Fighting
  1057 | D:1      | Reached XP level 3. HP: 20/20 MP: 7/7
  1639 | D:2      | Learned a level 3 spell: Mephitic Cloud
  1786 | D:2      | HP: 3/20 [dart slug/slug dart (6)]
  2109 | D:2      | Found a burning altar of Makhleb.
  2116 | D:2      | HP: 6/30 [hound (4)]
  2122 | D:2      | Slain by a hound

Vault maps used:
D:1:      giann_wishing_wells
D:2:      makhleb_heckhound_becter, hex_tiny

Skill      XL: |  1  2 |
---------------+-------+-----
Stealth        | 3 |  3.6
Short Blades   | 1 |  1.9
Fighting       | 1 |  1.3
Dodging        | |  2.7
Spellcasting   | |  3.4
Conjurations   | |  1.2
Summonings     | |  1.0
Translocations | |  1.0
Evocations     | |  0.7

Action                   || total
-------------------------++-------
Melee: Short sword       ||    71
 Cast: Magic Dart        ||    24
 Abil: Evoke Berserk Rag ||     3
  Use: Scroll            ||     3
 Stab: Sleeping          ||     2
  Eat: Chunk             ||     8
Armor: Robe              ||    17
Dodge: Dodged            ||    83

Table legend:
 A = Spawn XP
 B = Non-spawn XP
 C = Spawn XP percentage of total XP
 D = Spawn monster count
 E = Non-spawn monster count
 F = Spawn count percentage of total count
 G = Total turns spent on level
                    A         B        C        D         E        F      G
               +---------+---------+-------+---------+---------+-------+---------
         Total |       0 |      68 |   0.0 |       0 |      27 |   0.0 |  2122
               +---------+---------+-------+---------+---------+-------+---------
           D:1 |       0 |      34 |   0.0 |       0 |      17 |   0.0 |  1590
           D:2 |       0 |      34 |   0.0 |       0 |      10 |   0.0 |   532
               +---------+---------+-------+---------+---------+-------+---------

Vault maps used:
D:1:      giann_wishing_wells
D:2:      makhleb_heckhound_becter, hex_tiny

Table legend:
 A = Turns spent in this place as a percentage of turns spent in the entire game.
 B = Non-inter-level travel turns spent in this place as a percentage of non-inter-level travel turns spent in the entire game.
 C = Inter-level travel turns spent in this place as a percentage of turns spent in this place.
 D = Turns resting spent in this place as a percentage of non-inter-level travel turns spent in this place.
 E = Turns spent auto-exploring this place as a percentage of non-inter-level travel turns spent in this place.
 F = Non-inter-level travel turns spent in this place divided by the number of levels of this place that you've seen.
                   A       B       C       D       E      F
               +-------+-------+-------+-------+-------+----------------------
         Total | 100.0 | 100.0 |   4.6 |  55.8 |  30.3 | 1012.5
       Dungeon | 100.0 | 100.0 |   4.6 |  55.8 |  30.3 | 1012.5
               +-------+-------+-------+-------+-------+----------------------

Table legend:
 A = Kills in this place as a percentage of kills in entire the game.
 B = Kills by you in this place as a percentage of kills by you in the entire game.
 C = Kills by friends in this place as a percentage of kills by friends in the entire game.
 D = Other kills in this place as a percentage of other kills in the entire game.
 E = Experience gained in this place as a percentage of experience gained in the entire game.
 F = Experience gained in this place divided by the number of levels of this place that you have seen.
                   A       B       C       D       E      F
               +-------+-------+-------+-------+-------+----------------------
         Total | 100.0 | 100.0 |   N/A |   N/A | 100.0 |  34.0
       Dungeon | 100.0 | 100.0 |   N/A |   N/A | 100.0 |  34.0
               +-------+-------+-------+-------+-------+----------------------
